 Dungeon Crawl Stone Soup version 0.30-a0-772-g5528072125 (webtiles) character file.

Game seed: 11445429562875291158

44069 cforsyth the Convoker (level 14, 0/92 HPs)
             Began as a Tengu Summoner on Feb 12, 2023.
             Was an Initiate of Gozag.
             Shot with an arrow by Nessos (4 damage)
             ... on level 5 of the Lair of Beasts.
             The game lasted 00:59:42 (22130 turns).

cforsyth the Convoker (Tengu Summoner)             Turns: 22130, Time: 00:59:43

Health: 0/92       AC:  7    Str:  8    XL:     14   Next: 27%
Magic:  23/39      EV: 26    Int: 21    God:    Gozag
Gold:   1616       SH:  0    Dex: 19    Spells: 12/35 levels left

rFire   . . .      SeeInvis .    (no weapon)
rCold   + . .      Faith    .    (no shield)
rNeg    . . .      Spirit   .    N - +3 robe of an ice cave {Dex+4}
rPois   .          Reflect  .    (helmet restricted)
rElec   .          Harm     .    B - +0 cloak
rCorr   .          Rampage  .    a - +0 pair of gloves
Will    +....                    (boots unavailable)
Stlth   ++                       H - amulet of regeneration
HPRegen 1.15/turn                g - ring of magical power
MPRegen 0.26/turn                f - ring of protection from cold

@: lethally poisoned (0 -> -5), forested, flying quickly and evasively, quick
A: beak, talons 3, nimble flight
a: Renounce Religion, Potion Petition, Call Merchant, Bribe Branch


You were on level 5 of the Lair of Beasts.
You worshipped Gozag.
Gozag was most pleased with you.
You visited 3 branches of the dungeon, and saw 18 of its levels.
You also visited: Ossuary.

You collected 4124 gold pieces.
You spent 1392 gold pieces at shops.
You paid 1116 gold pieces to Gozag.

Inventory:

Missiles
 j - 4 throwing nets
Armour
 a - a +0 pair of gloves (worn)
 B - a +0 cloak (worn)
 N - the +3 robe of an ice cave (worn) {Dex+4}
   (You found it on level 2 of the Lair of Beasts)

   Dex:       It affects your dexterity (+4).
Jewellery
 f - a ring of protection from cold (right hand)
 g - a ring of magical power (left hand)
 x - a ring of resist corrosion
 H - an amulet of regeneration (around neck)
 K - a +5 ring of evasion
 M - a ring of poison resistance
Wands
 v - a wand of acid (17)
 A - a wand of iceblast (5)
 F - a wand of paralysis (9)
 G - a wand of polymorph (13)
 O - a wand of mindburst (7)
Scrolls
 d - 2 scrolls of brand weapon
 e - 2 scrolls of immolation
 k - 8 scrolls of teleportation
 n - 2 scrolls of vulnerability
 q - a scroll of poison
 r - 2 scrolls of amnesia
 s - a scroll of identify
 w - 2 scrolls of blinking
 y - a scroll of enchant armour
 E - 3 scrolls of magic mapping
Potions
 b - 2 potions of magic
 c - a potion of invisibility
 h - 3 potions of lignification
 i - a potion of cancellation
 l - 4 potions of might
 m - a potion of heal wounds
 p - 9 potions of curing
 t - 4 potions of haste
 u - 4 potions of mutation
 z - 4 potions of attraction
 C - 2 potions of resistance
 I - 4 potions of ambrosia
 J - a potion of brilliance
 L - 2 potions of berserk rage


   Skills:
 + Level 12.6 Fighting
 + Level 13.9 Dodging
 - Level 2.0 Stealth
 - Level 11.3 Spellcasting
 - Level 15.0 Summonings


You had 12 spell levels left.
You knew the following spells:

 Your Spells              Type           Power      Damage    Failure   Level
a - Summon Small Mammal   Summ           100%       N/A       0%          1
b - Call Imp              Summ           66%        N/A       1%          2
c - Call Canine Familiar  Summ           66%        N/A       1%          3
d - Summon Guardian Gole  Hex/Summ       43%        N/A       1%          3
e - Summon Lightning Spi  Summ/Air       43%        N/A       2%          4
f - Summon Forest         Summ/Tloc      21%        N/A       7%          5
h - Summon Mana Viper     Hex/Summ       43%        N/A       7%          5

Your spell library contained the following spells:

 Spells                   Type           Power      Damage    Failure   Level
 Summon Ice Beast         Ice/Summ       43%        N/A       2%          4
 Freeze                   Ice            44%        1d6       5%          1
 Kiss of Death            Conj/Necr      44%        2d8       5%          1
 Shock                    Conj/Air       44%        1d5       5%          1
 Monstrous Menagerie      Summ           33%        N/A       10%         7
 Summon Hydra             Summ           33%        N/A       10%         7
 Frozen Ramparts          Ice            22%        1d4       17%         3
 Hailstorm                Conj/Ice       11%        3d5       17%         3
 Swiftness                Air            11%        N/A       17%         3
 Airstrike                Air            5%         2d(1-17)  50%         4
 Ice Form                 Ice/Tmut       11%        N/A       50%         4
 Eringya's Noxious Bog    Tmut/Pois      5%         N/A       100%        6


Dungeon Overview and Level Annotations

Branches:
Dungeon (12/15)            Temple (1/1) D:5            Lair (5/5) D:10
  Swamp (0/4) Lair:2       Spider (0/4) Lair:3        Slime (0/5) Lair:4
    Orc (0/2) D:9         Ossuary (visited)

Altars:
Cheibriados
Dithmenos
Elyvilon
Gozag
Kikubaaqudgha
Nemelex Xobeh
Okawaru
Ru
Sif Muna
Uskayaw
Vehumet
Zin
The Shining One
Jiyva

Shops:
D:11 [   D:12 (*[(   Lair:1 ::

Annotations:
Lair:5 Nessos, Rupert


Innate Abilities, Weirdness & Mutations

You have a beak for a mouth.
You have claws for feet.
Your magical nature lets you fly swiftly and evasively.


Message History

Nessos shoots an arrow.
The arrow barely misses you. The arrow hits your six-headed hydra!!
The arrow burns your six-headed hydra! The rime drake breathes ice at you.
The icy flash freeze hits you! You partially resist.
* * * LOW HITPOINT WARNING * * *
You are encased in ice.
Unknown command.
You swap places.
Nessos shoots an arrow.
The arrow hits your basilisk! The arrow burns your basilisk.
Your basilisk is poisoned.
Nessos shoots an arrow.
The arrow hits your basilisk!! The arrow burns your basilisk.
Your basilisk dies!
Your basilisk's corpse dissolves into shadows!
Nessos shoots an arrow.
The arrow closely misses you.
Unknown command.
You swap places.
The ice encasing you melts away.
The trees move their gnarly branches around.
The rime drake is hit by a branch!
Nessos shoots an arrow.
The arrow hits your wyvern!! The arrow burns your wyvern!
Nessos shoots an arrow.
The arrow hits your wyvern! The arrow burns your wyvern.
Your wyvern dies!
Your wyvern's corpse dissolves into shadows!
Nessos shoots an arrow.
The arrow hits your six-headed hydra!! The arrow burns your six-headed hydra.
Your six-headed hydra dies!
Your six-headed hydra's corpse dissolves into shadows!
There is a stone staircase leading up here.
Nessos is hit by a branch!
Nessos shoots an arrow.
The arrow closely misses you.
Your dryad hits the rime drake!
The rime drake breathes ice at your dryad.
The icy flash freeze misses your dryad.
Nessos shoots an arrow.
The arrow hits you!
* * * LOW HITPOINT WARNING * * *
The arrow burns you.
You are lethally poisoned!
You die...
Your body crumbles into a pile of gold.

####.#h###....⌠....h
#♣..#..$.♣.........#
##.....k...#♣⌠...⌠...
♣....♣.............##
#♣...^..##.....⌠....#
#♣....k..#............
♣...#R##.....♣..##.#..
#.....#.h.......#.#####..
......#.@...c.♣#### #.
...♣.##...#♣### . .#.##
#.### # #...P# #P...#
....## .....# ..##### ..#


You could see Nessos (fast), a rime drake (distracted, catching breath, ally
target), a friendly dryad (summoned) and a friendly warg (summoned).

Vanquished Creatures
  A wolf (Lair:1)
  An orc (D:11)
  2 bats (D:1)
  2 giant cockroaches
  A ball python (D:3)
  A frilled lizard (D:3)
  A rat (D:1)
9 creatures vanquished.

Vanquished Creatures (collateral kills)
  Erolcha (D:11)
  2 hydras
  A centaur warrior (D:8)
  A catoblepas (Lair:4)
  Amaemon (Lair:2)
  2 skysharks (Lair:4)
  The ghost of KennySheep the Conjurer, a novice OgCj of Sif Muna (D:7)
  2 lindwurms (Lair:3)
  A manticore (D:11)
  3 black mambas
  8 elephants (Lair:3)
  An orange demon (Lair:2)
  4 cane toads
  2 gargoyles (D:12)
  An unseen horror (D:6)
  The ghost of LobsterGuardian the Covert, a novice OpBr of Nemelex Xobeh (D:4)
  7 komodo dragons
  3 rime drakes
  2 kobold demonologists (D:11)
  A troll (D:11)
  2 hornets (Lair:3)
  2 tyrant leeches (Lair:2)
  2 polar bears (Lair:2)
  Grinder (D:3)
  9 blink frogs
  2 jumping spiders (Lair:3)
  Sigmund (D:5)
  A culicivora (Lair:3)
  4 wyverns
  4 wraiths
  5 basilisks
  17 yaks
  4 vampire mosquitoes (D:12)
  5 steam dragons
  Eustachio (D:5)
  3 swamp worms (Lair:2)
  2 acid dragons
  12 water moccasins
  Duvessa (D:6)
  4 orc warriors
  4 ice beasts
  A black bear (Lair:3)
  3 ogres
  8 wolves
  2 centaurs (D:11)
  3 phantoms
  7 elf zombies (Ossuary)
  Blork the orc (D:6)
  2 kobold brigands (D:11)
  8 bullfrogs
  2 necrophages
  3 scorpions
  10 wights
  Dowan (D:6)
  6 killer bees
  4 nameless horrors
  3 howler monkeys
  4 electric eels
  8 hounds
  A human zombie (Ossuary)
  A centaur zombie (Ossuary)
  7 jellies
  Crazy Yiuf (D:7)
  6 orc priests
  A gnoll bouda (D:7)
  An iguana (D:6)
  Natasha (D:3)
  12 orc wizards
  2 mummies (Ossuary)
  8 gnolls
  10 adders
  A worm (D:2)
  2 dart slugs
  37 orcs
  2 bats
  5 endoplasms
  4 giant cockroaches
  19 goblins
  2 hobgoblins
  4 jackals (D:3)
  3 quokkas
  6 ball pythons
  3 frilled lizards
  6 kobolds
  5 rats
357 creatures vanquished.

Vanquished Creatures (others)
  A boulder beetle (D:12)
  2 death yaks (Lair:5)
  The ghost of pigah the Zephyrmancer, a novice OpWn (D:7)
  The ghost of cforsyth the Summoner, a novice TeSu of Gozag (D:7)
  A manticore (D:12)
  An ugly thing (D:12)
  A gargoyle (D:8)
  2 black mambas
  A komodo dragon (D:12)
  2 cane toads
  3 trolls
  A blink frog (Lair:4)
  A jumping spider (Lair:3)
  5 slime creatures (D:12)
  9 yaks
  5 vampire mosquitoes (D:12)
  2 acid dragons (D:12)
  3 orc warriors (D:9)
  An ice beast (D:8)
  3 centaurs (D:11)
  2 elf zombies (Ossuary)
  A bullfrog (Lair:3)
  2 wights (D:8)
  7 killer bees
  A human zombie (Ossuary)
  A hound (D:10)
  An iguana (D:7)
  A mummy (Ossuary)
  17 fungi
  54 plants
  2 snaplasher vines (Lair:3)
135 creatures vanquished.

Grand Total: 501 creatures vanquished

Notes
Turn   | Place    | Note
-------+----------+-------------------------------------------
     0 | D:1      | cforsyth the Tengu Summoner began the quest for the Orb.
     0 | D:1      | Reached XP level 1. HP: 10/10 MP: 4/4
   112 | D:1      | Reached skill level 5 in Summonings
   403 | D:1      | Reached XP level 2. HP: 15/15 MP: 3/6
   406 | D:1      | Learned a level 2 spell: Call Imp
   994 | D:1      | Reached XP level 3. HP: 18/19 MP: 4/7
   998 | D:1      | Learned a level 3 spell: Call Canine Familiar
  1475 | D:2      | Reached XP level 4. HP: 24/24 MP: 9/9
  1636 | D:2      | Reached skill level 6 in Summonings
  2071 | D:2      | Identified the +9 glaive "Kaddit" {vamp, Will- Dex+6}
  2204 | D:3      | Gained mutation: Your magical nature lets you fly swiftly
                  | and evasively. [Tengu growth]
  2204 | D:3      | Reached XP level 5. HP: 28/28 MP: 8/11
  2372 | D:3      | Learned a level 3 spell: Summon Guardian Golem
  2405 | D:3      | Noticed Grinder
  2439 | D:3      | Paralysed by Grinder for 3 turns
  2973 | D:3      | Noticed Natasha
  2982 | D:3      | Killed Natasha
  2983 | D:3      | Reached XP level 6. HP: 32/32 MP: 8/13
  3028 | D:3      | Found a shimmering blue altar of Sif Muna.
  3059 | D:3      | Reached skill level 7 in Summonings
  3086 | D:3      | Found an ancient bone altar of Kikubaaqudgha.
  3124 | D:3      | Found a radiant altar of Vehumet.
  3146 | D:3      | Paralysed by Grinder for 3 turns
  3156 | D:3      | Paralysed by Grinder for 3 turns
  3413 | D:3      | Killed Grinder
  3414 | D:3      | Reached skill level 5 in Spellcasting
  3414 | D:3      | Reached XP level 7. HP: 32/36 MP: 2/15
  3847 | D:3      | Reached skill level 8 in Summonings
  3878 | D:3      | Got Vehumet's Thoughts on Violence
  4631 | D:4      | Reached skill level 9 in Summonings
  4631 | D:4      | Reached XP level 8. HP: 41/41 MP: 14/18
  4636 | D:4      | Learned a level 4 spell: Summon Lightning Spire
  5014 | D:4      | Found a runed translucent door.
  5015 | D:4      | Noticed LobsterGuardian's ghost (novice OpBr)
  5043 | D:4      | Killed LobsterGuardian's ghost
  5176 | D:5      | Entered Level 5 of the Dungeon
  5251 | D:5      | Noticed Sigmund
  5261 | D:5      | Killed Sigmund
  5262 | D:5      | Reached skill level 10 in Summonings
  5302 | D:5      | Found a white marble altar of Elyvilon.
  5430 | D:5      | Found a staircase to the Ecumenical Temple.
  5442 | Temple   | Entered the Ecumenical Temple
  5488 | Temple   | Became a worshipper of Gozag Ym Sagoz the Greedy
  5665 | D:5      | Noticed Eustachio
  5682 | D:5      | Killed Eustachio
  5683 | D:5      | Reached XP level 9. HP: 45/45 MP: 17/21
  6347 | D:6      | Killed an unseen horror
  6348 | D:6      | Reached skill level 11 in Summonings
  7152 | D:6      | Reached skill level 12 in Summonings
  7192 | D:6      | Noticed Blork the orc
  7205 | D:6      | Killed Blork the orc
  7257 | D:6      | Noticed Dowan
  7258 | D:6      | Noticed Duvessa
  7270 | D:6      | Killed Duvessa
  7287 | D:6      | Killed Dowan
  7693 | D:7      | Reached XP level 10. HP: 45/50 MP: 24/24
  7741 | D:7      | Found a glowing golden altar of the Shining One.
  7792 | D:7      | HP: 2/50 [killer bee (8)]
  8095 | D:7      | Found a runed translucent gate.
  8095 | D:7      | Found a runed translucent gate.
  8095 | D:7      | Found a runed translucent gate.
  8097 | D:7      | Noticed pigah's ghost (novice OpWn)
  8097 | D:7      | Noticed cforsyth's ghost (novice TeSu)
  8097 | D:7      | Noticed KennySheep's ghost (novice OgCj)
  8466 | D:7      | Found a runed translucent door.
  8467 | D:7      | Noticed Crazy Yiuf
  8475 | D:7      | Killed Crazy Yiuf
  8587 | D:7      | Reached skill level 13 in Summonings
  9112 | D:7      | Killed pigah's ghost
  9126 | D:7      | Killed KennySheep's ghost
  9127 | D:7      | Reached skill level 10 in Spellcasting
  9128 | D:7      | Killed cforsyth's ghost
  9428 | D:8      | Found a sand-covered staircase.
  9432 | Ossuary  | Entered an ossuary
  9462 | Ossuary  | Reached skill level 14 in Summonings
  9811 | D:8      | Reached XP level 11. HP: 51/54 MP: 26/26
 10148 | D:8      | Found a sparkling altar of Nemelex Xobeh.
 10186 | D:8      | Found a shadowy altar of Dithmenos.
 10274 | D:8      | Noticed a centaur warrior
 10283 | D:8      | Killed a centaur warrior
 11048 | D:9      | Reached skill level 15 in Summonings
 11308 | D:9      | Found a staircase to the Orcish Mines.
 11343 | D:9      | Reached skill level 1 in Fighting
 11642 | D:9      | Found an iron altar of Okawaru.
 11918 | D:9      | Found a sacrificial altar of Ru.
 11983 | D:10     | Entered Level 10 of the Dungeon
 12596 | D:10     | Found a staircase to the Lair.
 12666 | D:10     | Identified the +2 pair of boots of Eternity {rC+ Dex+5}
 12864 | D:10     | Reached skill level 5 in Dodging
 12959 | D:10     | Found a hide-covered altar of Uskayaw.
 13504 | D:11     | Noticed Erolcha
 13615 | D:11     | Found Tepniudef's Armour Shoppe.
 13667 | D:11     | Killed Erolcha
 13668 | D:11     | Reached skill level 5 in Fighting
 13817 | D:11     | Reached XP level 12. HP: 68/68 MP: 28/28
 14590 | D:12     | Found Douwoux's Weapon Shop.
 14610 | D:12     | Noticed a boulder beetle
 14632 | D:12     | Killed a boulder beetle
 14780 | D:12     | Found Mitan's Antique Armour Shop.
 15347 | D:12     | Found Wotig's Weapon Shop.
 15450 | D:12     | Found Gecw's Assorted Antiques.
 15462 | D:12     | Bought an amethyst potion for 32 gold pieces
 15674 | Lair:1   | Entered Level 1 of the Lair of Beasts
 15966 | Lair:1   | You are sucked into a shaft and drop 1 floor!
 16115 | Lair:2   | Found a staircase to the Swamp.
 16358 | Lair:1   | Reached skill level 10 in Dodging
 16886 | Lair:2   | Identified the +3 robe of an ice cave {Dex+4}
 17066 | Lair:1   | Bought a Fen Folio for 714 gold pieces
 17066 | Lair:1   | Bought a book of Beasts for 646 gold pieces
 17072 | Lair:1   | Learned a level 5 spell: Summon Forest
 17078 | Lair:1   | Learned a level 5 spell: Summon Mana Viper
 17121 | Lair:2   | Noticed Amaemon
 17132 | Lair:2   | Killed Amaemon
 17137 | Lair:2   | Reached XP level 13. HP: 80/80 MP: 24/29
 18438 | Lair:3   | Reached skill level 10 in Fighting
 18568 | Lair:3   | Found a hole to the Spider Nest.
 20154 | Lair:4   | Identified the +1 ring mail "Puab" {*Corrode +Blink rPois
                  | rC+}
 20671 | Lair:4   | Reached XP level 14. HP: 91/91 MP: 5/30
 20891 | Lair:4   | Found a staircase to the Slime Pits.
 21059 | Lair:4   | Found a viscous altar of Jiyva.
 21790 | Lair:5   | Entered Level 5 of the Lair of Beasts
 21790 | Lair:5   | Noticed Rupert
 22111 | Lair:5   | Noticed Nessos
 22130 | Lair:5   | HP: 4/92 [Nessos/arrow (11)]
 22130 | Lair:5   | Shot with an arrow by Nessos

Illustrated notes

Levels and vault maps discovered:
D:1:      eino_arrival_druids_welcome, layout_loops_ring, hangedman_glass_teeth
D:2:      layout_basic, minmay_vboxes
D:3:      layout_loops_ring, palyth_temple_overflow_mages, uniq_natasha,
          uniq_grinder
D:4:      layout_basic, gammafunk_ghost_grave
D:5:      layout_loops_ring, old_standard_altar, temple_hall, uniq_eustachio,
          uniq_sigmund
D:6:      layout_cave_pods, serial_bayou_pond_e, minmay_ogre_servants,
          uniq_blork_the_orc, uniq_duvessa
D:7:      layout_basic, mainiacjoe_overflow_chevrons, gammafunk_ghost_cemetery,
          uniq_crazy_yiuf_cottage
D:8:      layout_loops_cross, nemelex_diamond_rough_becter,
          amcnicky_altar_gilded, enter_ossuary_5, minmay_small_thing
D:9:      layout_rooms, nicolae_ru_path_of_blood, lemuel_doored_altar,
          david_orc_5, roderic_roman_lattice
D:10:     layout_loops_corners, eat_drink_and_be_merry_uskayaw, erik_lair_island
D:11:     layout_loops_cross, serial_shops, shop, uniq_erolcha
D:12:     minmay_connected_triangles_in_corner, layout_long_grid, serial_shops,
          nicolae_shop_bloodbath_and_beyond, shop, nicolae_shop_statue_plus,
          shop_fountains
Temple:   hc_temple_tempest_star
Lair:1:   layout_loops_ring, grunt_megastairs_5
Lair:2:   layout_regular_city, minmay_swamp_entry_worms, uniq_amaemon
Lair:3:   cheibrodos_lair_overgrown_chateau, layout_cave_pods,
          spider_nest_entry_funnel_web, dreamdust_mushroom_princess,
          hangedman_lair_unloving_vines
Lair:4:   layout_regular_city, nicolae_slime_entry_field_trip,
          serial_bayou_pond_b, beast_lair_carwin_4, grunt_megastairs_1
Lair:5:   wormcave, layout_misc_corridors, guppyfry_lair_end_dragon,
          small_statue_intersection, grunt_megastairs_4, uniq_nessos,
          uniq_rupert

Skill      XL: |  1  2  3  4  5  6  7  8  9 10 11 12 13 14 |
---------------+-------------------------------------------+-----
Summonings     | 5 6 7 9 10 12 14 15 | 15.0
Spellcasting   | 3 4 5 6 7 9 10 11 | 11.3
Fighting       | 5 9 11 12 | 12.6
Dodging        | 6 10 13 | 13.9
Stealth        | |  2.0

Action                     |  1- 3 |  4- 6 |  7- 9 | 10-12 | 13-15 || total
---------------------------+-------+-------+-------+-------+-------++-------
  Melee: Unarmed           |    14 |    13 |    15 |    31 |     9 ||    82
         Kick              |     7 |     2 |     6 |     7 |     5 ||    27
         Peck              |     2 |     2 |     3 |     5 |     2 ||    14
         Punch             |       |       |       |     1 |       ||     1
   Cast: Summon Small Mamm |    34 |    20 |    35 |    31 |     6 ||   126
         Call Imp          |     7 |     8 |    14 |    18 |     4 ||    51
         Call Canine Famil |     8 |    23 |    30 |    71 |    30 ||   162
         Summon Guardian G |       |       |    18 |    68 |    32 ||   118
         Summon Lightning  |       |       |     8 |    54 |    27 ||    89
         Summon Mana Viper |       |       |       |       |    43 ||    43
         Summon Forest     |       |       |       |       |    21 ||    21
 Invoke: Call Merchant     |       |       |       |     2 |       ||     2
    Use: Scroll            |       |     2 |     3 |    11 |    12 ||    28
         Potion            |       |     2 |       |     1 |     1 ||     4
 Armour: Robe              |     5 |     6 |     6 |    11 |     9 ||    37
  Dodge: Dodged            |    25 |    28 |    28 |   119 |   108 ||   308

Table legend: (Time is in decaauts)
 A = Elapsed time spent in this place.
 B = Non-inter-level travel time spent in this place.
 C = Inter-level travel time spent in this place.
 D = Time resting spent in this place.
 E = Time spent auto-exploring this place.
 F = Levels seen in this place.
 G = Mean time per level.
                   A        B        C        D        E       F      G
               +--------+--------+--------+--------+--------+-----+--------+
         Total |  21059 |  20391 |    668 |   1301 |  14364 |  19 | 1108.4 |
       Dungeon |  14668 |  14144 |    524 |   1232 |   9490 |  12 | 1222.3 |
        Temple |     54 |     43 |     11 |      0 |     23 |   1 |   54.0 |
          Lair |   6028 |   5897 |    131 |     69 |   4708 |   5 | 1205.6 |
       Ossuary |    308 |    308 |      0 |      0 |    141 |   1 |  308.0 |
               +--------+--------+--------+--------+--------+-----+--------+

Top non-repeatable levels by time:
  Lair:3: 2096 daAuts
  Lair:4: 1787 daAuts
     D:3: 1745 daAuts
     D:7: 1603 daAuts
    D:10: 1520 daAuts
     D:6: 1419 daAuts
     D:8: 1271 daAuts
  Lair:2: 1162 daAuts
     D:1: 1125 daAuts
     D:4: 1116 daAuts
    D:12: 1089 daAuts
     D:2: 1034 daAuts
     D:9: 993 daAuts
    D:11: 908 daAuts
  Lair:1: 878 daAuts
